 Dungeon Sprint DCSS version 0.30.1-9-gdf580d7c3d (webtiles) character file.

Game seed: 10507917359378565489

59194 Heoruswealwe the Swordmaster (level 14, -6/159 HPs)
             Began as a Minotaur Fighter on Oct 17, 2023.
             Was an Initiate of Gozag.
             Mangled by an ironbound thunderhulk
             ... wielding a +0 dire flail
              (10 damage)
             ... in the Dungeon (Sprint IX: "|||||||||||||||||||||||||||||").
             The game lasted 00:42:56 (3727 turns).

Heoruswealwe the Swordmaster (Minotaur Fighter)     Turns: 3727, Time: 00:42:56

Health: -6/159     AC: 29    Str: 29    XL:     14   Next: 52%
Magic:  13/13      EV: 11    Int:  5    God:    Gozag
Gold:   2019       SH:  0    Dex: 12    Spells: 13/13 levels left

rFire   . . .        b - +8 frozen axe "Frostbite" {freeze, freezing cloud, *Noise Fly rC+}
rCold   + . .        (shield currently unavailable)
rNeg    . . .        c - +0 plate armour
rPois   .            (helmet restricted)
rElec   .            h - +0 cloak "Feos" {Will+ Dex+2}
rCorr   .            f - +2 pair of gloves {Str+3}
SInv    .            e - +0 pair of boots
Will    ++...        (no amulet) Stlth
                     k - +2 ring of evasion
HPRegen 0.46/turn    (no ring)
MPRegen 0.13/turn

%: no teleportation
@: frozen, gold aura, flying, hasted, quick
A: horns 2, retaliatory headbutt
a: Renounce Religion, Potion Petition, Call Merchant, Bribe Branch


You were in the Dungeon.
You worshipped Gozag.
Gozag was most pleased with you.
You visited 1 branch You collected 17599 gold pieces.
You spent 9923 gold pieces at shops.
You paid 5657 gold pieces to Gozag.

Inventory:

Hand Weapons
 a - the +11 Singing Sword {sonic wave}
   (You found it in the Dungeon)
 b - the +8 frozen axe "Frostbite" (weapon) {freeze, freezing cloud, *Noise Fly rC+}
   (You bought it in a shop in the Dungeon)

   rC:        It protects you from cold.
   Fly:       It grants you flight.
   *Noise:    It may make noises in combat.
Armour
 c - a +0 plate armour (worn)
 d - a +1 tower shield
 e - a +0 pair of boots (worn)
 f - a +2 pair of gloves of strength (worn)
 h - the +0 cloak "Feos" (worn) {Will+ Dex+2}
   (You bought it in a shop in the Dungeon)

   Dex:       It affects your dexterity (+2).
   Will:      It increases your willpower.
Jewellery
 k - a +2 ring of evasion (left hand)
Wands
 m - a wand of acid (9)
 x - a wand of flame (6)
 B - a wand of mindburst (6)
Scrolls
 j - 3 scrolls of blinking
 p - 4 scrolls of identify
 q - 7 scrolls of enchant armour
 u - a scroll of silence
 v - 3 scrolls of enchant weapon
Potions
 g - 3 potions of haste
 i - 3 potions of berserk rage
 l - 6 potions of curing
 n - 4 potions of might
 o - 2 potions of mutation
 r - a potion of cancellation
Miscellaneous
 t - a piece from Xom's chessboard (15/15)
 y - a tin of tremorstones (2/2)
 A - a phial of floods


   Skills:
 + Level 24.0 Fighting
 O Level 27 Long Blades
 + Level 12.5(13.9) Axes
 - Level 10.0(12.7) Polearms
 + Level 24.0 Armour
 + Level 13.1 Shields
 + Level 9.8 Evocations


You had 13 spell levels left.
You didn't know any spells.
Your spell library was empty.

Dungeon Overview and Level Annotations

Branches:
Dungeon (1/1)

Altars:
Cheibriados
Dithmenos
Elyvilon
Fedhas
Gozag
Hepliaklqana
Kikubaaqudgha
Makhleb
Nemelex Xobeh
Okawaru
Qazlal
Ru
Sif Muna
Trog
Uskayaw
Vehumet
Wu Jian
Xom
Yredelemnul
Zin
The Shining One
Jiyva
Lugonu

Shops:
D *?=(****[*


Innate Abilities, Weirdness & Mutations

You have a pair of horns on your head.
You reflexively headbutt those who attack you in melee.


Message History

You start removing your armour.
You continue taking off your +1 tower shield. x2
The ironbound frostheart is no longer distracted by gold.
The ironbound preserver is no longer distracted by gold.
You block the yaktaur captain's attack.
Strange energies crackle from the ironbound thunderhulk's apparatus.
The ironbound thunderhulk blinks!
You continue taking off your +1 tower shield.
The ice encasing you melts away. You block the yaktaur captain's attack.
You continue taking off your +1 tower shield.
You finish taking off your +1 tower shield.
The Singing Sword sighs.
You fly up into the air.
The +8 frozen axe "Frostbite" {freeze, freezing cloud, *Noise Fly rC+} glows with a cold blue light!
b - the +8 frozen axe "Frostbite" (weapon)
{freeze, freezing cloud, *Noise Fly rC+} The ironbound thunderhulk hits you but does no damage.
The slime creature jiggles.
The yaktaur captain barely misses you.
You barely miss the yaktaur captain.
The yaktaur captain is severely wounded.
You barely miss the ironbound thunderhulk.
The vault sentinel shouts!
The vault sentinel is no longer distracted by gold.
You open the yaktaur captain like a pillowcase!!!
You freeze the yaktaur captain.
You kill the yaktaur captain!
You slash the ironbound thunderhulk! You freeze the ironbound thunderhulk.
The vault sentinel unwields a +0 war axe.
The vault sentinel wields a +0 arbalest.
The vault sentinel shoots a bolt.
The bolt closely misses you.
The bolt barely misses the ironbound thunderhulk.
The ironbound frostheart calls freezing cold from the walls.
The frost grips you! You resist.
* * * LOW HITPOINT WARNING * * *
You are encased in ice.
The ironbound thunderhulk is engulfed in freezing vapours.
The ironbound thunderhulk hits you with a +0 dire flail!
You die...
Your body crumbles into a pile of gold.

.[[[[[[[[......??..).))((...[....
▓▓▓▓▓▓▓▓▓▓▓▓▓▓▓▓▓▓▓▓▓▓▓▓▓▓▓▓▓▓▓▓▓
....)............................
▓▓▓▓▓▓▓▓▓▓▓▓♣♣♣♣♣♣♣♣♣♣▓▓▓▓▓▓▓▓▓▓▓
..'.........).........')[.).)..['
▓▓▓▓▓▓▓▓▓▓▓▓♣♣♣♣♣♣♣♣♣♣▓▓▓▓▓▓▓▓▓▓▓
.................................
▓▓▓▓▓▓▓▓▓▓▓▓▓▓▓▓▓▓▓▓▓▓▓▓▓▓▓▓▓▓▓▓▓
.))..........$$O@$pJpcp.,,,,,,,,,
▓▓▓▓▓▓▓▓▓▓▓▓▓▓▓▓▓▓▓▓▓▓▓▓*********
,,,,,,,,,,,,,,,,,,,,,,,,,,,,,,,,,
*********************************
,,,,,,,,,,,,,,,,,,,,,,,,,,,,,,,,,
*********************************
,,,,,,,,,,,,,,,,,,,,,,,,,,,,,,,,,
*********************************
,,,,,,,,,,,,+,,,,,,,,,,,,,+,,,,,,


You could see an ironbound preserver, an ironbound thunderhulk, a yaktaur
captain, a slime creature, an ironbound frostheart and a vault sentinel.

Vanquished Creatures
  Rupert (D)
  Kirke (D)
  A sphinx (D)
  A shadow dragon (D)
  A fire giant (D)
  A frost giant (D)
  3 stone giants (D)
  3 very ugly things (D)
  An eleionoma (D)
  Azrael (D)
  2 spark wasps (D)
  4 ettins (D)
  A merfolk impaler (D)
  A fire dragon (D)
  A yaktaur captain (D)
  2 ice dragons (D)
  A hydra (D)
  Erica (D)
  3 boulder beetles (D)
  A catoblepas (D)
  A centaur warrior (D)
  An ironbound frostheart (D)
  2 ogre magi (D)
  A radroach (D)
  A two-headed ogre (D)
  5 death yaks (D)
  4 tengu warriors (D)
  2 deep troll shamans (D)
  A naga warrior (D)
  An orc high priest (D)
  Sonja (D)
  2 pharaoh ants (D)
  2 sea snakes (D)
  A swamp dragon (D)
  A naga ritualist (D)
  A spriggan druid (D)
  2 goliath frogs (D)
  A bog body (D)
  A wizard (D)
  An ironbound convoker (D)
  A lindwurm (D)
  A necromancer (D)
  5 orc knights (D)
  A mana viper (D)
  A deep elf pyromancer (D)
  A harpy (D)
  4 orc sorcerers (D)
  3 wolf spiders (D)
  A cyclops (D)
  2 ugly things (D)
  2 will-o-the-wisps (D)
  A merfolk siren (D)
  A vault sentinel (D)
  3 black mambas (D)
  A water nymph (D)
  A naga mage (D)
  2 cane toads (D)
  2 demonic crawlers (D)
  A komodo dragon (D)
  A kobold demonologist (D)
  An unseen horror (D)
  3 rime drakes (D)
  A tengu conjurer (D)
  2 merfolk (D)
  A tyrant leech (D)
  A blink frog (D)
  A snapping turtle (D)
  A shadow (D)
  A water elemental (D)
  4 wyverns (D)
  5 yaks (D)
  2 fire elementals (D)
  2 humans (D)
  A steam dragon (D)
  A hog (D)
  2 vampire mosquitoes (D)
  2 nagas (D)
  3 water moccasins (D)
  2 hell hounds (D)
  12 orc warriors (D)
  A centaur (D)
  A phantom (D)
  2 bullfrogs (D)
  3 orc priests (D)
  A hound (D)
  An iguana (D)
  5 orc wizards (D)
  9 orcs (D)
  An endoplasm (D)
  A giant cockroach (D)
  A goblin (D)
  2 rats (D)
174 creatures vanquished.

Vanquished Creatures (others)
  A foxfire (D)
1 creature vanquished.

Grand Total: 175 creatures vanquished

Notes
Turn   | Place    | Note
-------+----------+-------------------------------------------
     0 | D        | Heoruswealwe the Minotaur Fighter began the quest for the
                  | Orb.
     0 | D        | Reached XP level 1. HP: 19/19 MP: 0/0
    30 | D        | Noticed a centaur
    30 | D        | Noticed a phantom
    30 | D        | Noticed an iguana
    30 | D        | Noticed a hound
    37 | D        | Killed a centaur
    38 | D        | Reached XP level 2. HP: 13/30 MP: 1/1
    38 | D        | Reached XP level 3. HP: 17/37 MP: 2/2
    38 | D        | Reached XP level 4. HP: 20/44 MP: 3/3
    47 | D        | Killed a phantom
    48 | D        | Reached XP level 5. HP: 23/52 MP: 4/4
    50 | D        | HP: 1/52 [iguana (11)]
    60 | D        | Reached skill level 10 in Polearms
    66 | D        | Found a snail-covered altar of Cheibriados.
    66 | D        | Found a shadowy altar of Dithmenos.
    66 | D        | Found a white marble altar of Elyvilon.
    66 | D        | Found a blossoming altar of Fedhas.
    66 | D        | Found an opulent altar of Gozag.
    67 | D        | Found a hazy altar of Hepliaklqana.
    68 | D        | Found a viscous altar of Jiyva.
    69 | D        | Found an ancient bone altar of Kikubaaqudgha.
    70 | D        | Found a corrupted altar of Lugonu.
    71 | D        | Found a burning altar of Makhleb.
    72 | D        | Found a sparkling altar of Nemelex Xobeh.
    73 | D        | Found an iron altar of Okawaru.
    74 | D        | Became a worshipper of Gozag Ym Sagoz the Greedy
    75 | D        | Found a stormy altar of Qazlal.
    76 | D        | Found a sacrificial altar of Ru.
    77 | D        | Found a shimmering blue altar of Sif Muna.
    78 | D        | Found a bloodstained altar of Trog.
    79 | D        | Found a hide-covered altar of Uskayaw.
    80 | D        | Found a radiant altar of Vehumet.
    81 | D        | Found an ornate altar of the Wu Jian Council.
    82 | D        | Found a shimmering altar of Xom.
    83 | D        | Found a basalt altar of Yredelemnul.
    84 | D        | Found a glowing silver altar of Zin.
    85 | D        | Found a glowing golden altar of the Shining One.
    93 | D        | Found the +11 Singing Sword {sonic wave}
   227 | D        | Noticed a two-headed ogre
   227 | D        | Noticed a shadow
   227 | D        | Noticed a kobold demonologist
   227 | D        | Noticed a steam dragon
   227 | D        | Noticed a wyvern
   230 | D        | Killed a shadow
   231 | D        | Reached skill level 6 in Long Blades
   231 | D        | Reached XP level 6. HP: 61/63 MP: 5/5
   232 | D        | Killed a two-headed ogre
   232 | D        | Killed an unseen horror
   232 | D        | Killed a steam dragon
   232 | D        | Killed a wyvern
   233 | D        | Reached skill level 12 in Long Blades
   233 | D        | Reached XP level 7. HP: 73/75 MP: 6/6
   233 | D        | Reached XP level 8. HP: 81/83 MP: 7/7
   233 | D        | Killed a kobold demonologist
   234 | D        | Reached skill level 13 in Long Blades
   256 | D        | Noticed a brown ugly thing
   256 | D        | Noticed a centaur warrior
   256 | D        | Noticed a tengu warrior
   256 | D        | Noticed a brown ugly thing
   256 | D        | Noticed a tengu conjurer
   260 | D        | Killed a tengu conjurer
   261 | D        | Reached skill level 14 in Long Blades
   261 | D        | Reached XP level 9. HP: 50/92 MP: 8/8
   261 | D        | Killed a centaur warrior
   261 | D        | Killed a tengu warrior
   261 | D        | Killed a brown ugly thing
   261 | D        | Killed a brown ugly thing
   262 | D        | Reached skill level 17 in Long Blades
   262 | D        | Reached XP level 10. HP: 57/104 MP: 9/9
   493 | D        | Noticed a cane toad
   501 | D        | Killed a cane toad
   503 | D        | Reached skill level 15 in Fighting
   503 | D        | Reached skill level 18 in Long Blades
   503 | D        | Reached skill level 15 in Armour
   524 | D        | Noticed a cane toad
   524 | D        | Noticed a catoblepas
   527 | D        | Killed a cane toad
   528 | D        | Reached skill level 19 in Long Blades
   535 | D        | Killed a catoblepas
   563 | D        | Noticed a death yak
   563 | D        | Noticed a death yak
   563 | D        | Noticed a death yak
   563 | D        | Noticed a death yak
   563 | D        | Noticed a death yak
   566 | D        | Reached XP level 11. HP: 114/114 MP: 10/10
   569 | D        | Killed a death yak
   570 | D        | Reached skill level 20 in Long Blades
   573 | D        | Killed a death yak
   573 | D        | Killed a death yak
   576 | D        | Killed a death yak
   577 | D        | Reached skill level 21 in Long Blades
   584 | D        | Killed a death yak
   666 | D        | Noticed Sonja
   684 | D        | Killed Sonja
   690 | D        | HP: 5/117 [poisoned by Sonja]
  1128 | D        | Noticed an orc sorcerer
  1134 | D        | Reached skill level 22 in Long Blades
  1136 | D        | Noticed an orc knight
  1137 | D        | Killed an orc sorcerer
  1147 | D        | Killed an orc knight
  1196 | D        | Found Xasea's Assorted Antiques.
  1196 | D        | Noticed an orc knight
  1196 | D        | Noticed an orc sorcerer
  1196 | D        | Noticed an orc high priest
  1197 | D        | Noticed an orc knight
  1198 | D        | Noticed an orc knight
  1201 | D        | Killed an orc sorcerer
  1201 | D        | Killed an orc knight
  1202 | D        | Found Zer Noag's Magic Scroll Shoppe.
  1202 | D        | Noticed an orc sorcerer
  1203 | D        | Killed an orc high priest
  1204 | D        | Reached skill level 23 in Long Blades
  1205 | D        | Found Hire's Jewellery Emporium.
  1205 | D        | Noticed an orc knight
  1206 | D        | Killed an orc knight
  1207 | D        | Reached XP level 12. HP: 128/128 MP: 11/11
  1216 | D        | Found Sanob's Weapon Shoppe.
  1293 | D        | Bought a potion of might for 84 gold pieces
  1293 | D        | Bought a potion of might for 84 gold pieces
  1293 | D        | Bought a scroll of identify for 42 gold pieces
  1293 | D        | Bought a potion of might for 84 gold pieces
  1293 | D        | Bought a potion of mutation for 168 gold pieces
  1293 | D        | Bought 2 fuming coppery potions for 37 gold pieces
  1313 | D        | Bought a scroll of identify for 24 gold pieces
  1313 | D        | Bought a scroll of blinking for 90 gold pieces
  1313 | D        | Bought a scroll of silence for 114 gold pieces
  1313 | D        | Bought a scroll of enchant weapon for 90 gold pieces
  1313 | D        | Bought a scroll of identify for 24 gold pieces
  1313 | D        | Bought a scroll of acquirement for 624 gold pieces
  1313 | D        | Bought a scroll of enchant armour for 90 gold pieces
  1313 | D        | Bought a scroll of poison for 48 gold pieces
  1313 | D        | Bought a scroll of fog for 48 gold pieces
  1334 | D        | Bought a scroll of identify for 26 gold pieces
  1337 | D        | Bought a scroll of identify for 22 gold pieces
  1343 | D        | Bought a potion of haste for 150 gold pieces
  1343 | D        | Bought a +0 pair of gloves of strength for 172 gold pieces
  1343 | D        | Bought a scroll of immolation for 60 gold pieces
  1398 | D        | Bought the +8 frozen axe "Frostbite" {freeze, freezing
                  | cloud, *Noise Fly rC+} for 1341 gold pieces
  1398 | D        | Found the +8 frozen axe "Frostbite" {freeze, freezing
                  | cloud, *Noise Fly rC+}
  1398 | D        | Bought a tin of tremorstones (2/2) for 760 gold pieces
  1398 | D        | Bought a potion of flight for 57 gold pieces
  1587 | D        | Noticed a boulder beetle
  1587 | D        | Noticed a boulder beetle
  1587 | D        | Noticed an ogre mage
  1587 | D        | Noticed a five-headed hydra
  1593 | D        | Killed an ogre mage
  1594 | D        | Reached skill level 24 in Long Blades
  1600 | D        | Killed an eight-headed hydra
  1600 | D        | Noticed a frost giant
  1604 | D        | Killed a boulder beetle
  1604 | D        | Killed a boulder beetle
  1606 | D        | Noticed an ogre mage
  1610 | D        | Killed a frost giant
  1610 | D        | Noticed an ice dragon
  1612 | D        | Noticed a stone giant
  1614 | D        | Noticed a deep troll shaman
  1615 | D        | Reached skill level 25 in Long Blades
  1616 | D        | Killed an ogre mage
  1618 | D        | Noticed a tengu warrior
  1621 | D        | Noticed a white very ugly thing
  1627 | D        | Killed a deep troll shaman
  1627 | D        | Killed a tengu warrior
  1627 | D        | Noticed a stone giant
  1628 | D        | Killed an ice dragon
  1633 | D        | Killed a stone giant
  1634 | D        | Killed a white very ugly thing
  1639 | D        | Killed a stone giant
  1640 | D        | Reached skill level 26 in Long Blades
  2006 | D        | Bought a piece from Xom's chessboard (15/15) for 380 gold
                  | pieces
  2140 | D        | Bought a fine cloak for 361 gold pieces
  2140 | D        | Identified the +0 cloak "Feos" {Will+ Dex+2} (You bought it
                  | in a shop in the Dungeon)
  2140 | D        | Bought a pair of glowing gloves for 285 gold pieces
  2202 | D        | Noticed Erica
  2208 | D        | Killed Erica
  2247 | D        | Noticed Kirke
  2257 | D        | Noticed a sphinx
  2258 | D        | Killed Kirke
  2259 | D        | Reached XP level 13. HP: 136/141 MP: 12/12
  2314 | D        | Noticed a merfolk impaler
  2320 | D        | Killed a merfolk impaler
  2333 | D        | Reached skill level 27 in Long Blades
  2339 | D        | HP: 3/143 [water nymph/the raging water (24)]
  2347 | D        | Reached skill level 1 in Axes
  2347 | D        | Reached skill level 1 in Evocations
  2506 | D        | Reached skill level 5 in Shields
  2523 | D        | Reached skill level 5 in Axes
  2577 | D        | Noticed an eleionoma
  2583 | D        | Reached skill level 5 in Evocations
  2591 | D        | Killed an eleionoma
  2892 | D        | Bought an encrusted gold wand for 136 gold pieces
  2892 | D        | Bought a potion of curing for 102 gold pieces
  2892 | D        | Bought a scroll labelled BUPTERUEMU for 34 gold pieces
  2892 | D        | Bought a phial of floods for 1360 gold pieces
  2892 | D        | Bought a glass wand for 136 gold pieces
  2898 | D        | Acquired 911 gold pieces
  2912 | D        | Noticed Rupert
  2922 | D        | Killed Rupert
  2997 | D        | Noticed Azrael
  3007 | D        | Killed Azrael
  3063 | D        | Noticed an ettin
  3063 | D        | Noticed a spark wasp
  3064 | D        | Noticed a shadow dragon
  3069 | D        | Reached skill level 10 in Shields
  3071 | D        | Killed an ettin
  3071 | D        | Noticed an ettin
  3072 | D        | Reached XP level 14. HP: 133/155 MP: 13/13
  3076 | D        | Noticed a fire giant
  3079 | D        | Killed a shadow dragon
  3079 | D        | Noticed a stone giant
  3080 | D        | Reached skill level 10 in Axes
  3084 | D        | Noticed a red very ugly thing
  3084 | D        | Noticed a cyan very ugly thing
  3086 | D        | Killed a fire giant
  3090 | D        | Killed a stone giant
  3092 | D        | Killed a red very ugly thing
  3093 | D        | Killed a cyan very ugly thing
  3582 | D        | Bought a dazzling crystal plate armour for 2890 gold pieces
  3582 | D        | Identified the +4 crystal plate armour "Xaonita" {Harm
                  | *Slow rC+++ Will-} (You bought it in a shop in the Dungeon)
  3701 | D        | Noticed a sphinx
  3708 | D        | Killed a sphinx
  3713 | D        | Noticed an ironbound thunderhulk
  3717 | D        | Noticed an ironbound preserver
  3727 | D        | HP: 4/159 [ironbound frostheart/creeping frost (9)]
  3727 | D        | Mangled by an ironbound thunderhulk

Illustrated notes

Levels and vault maps discovered:
D:        linesprint [early_d, line_temple, items_1, d_10, items_2, lair_1,
          lair_end, items_3, orc_1, orc_end, items_4, d_15, swamp_1, shoals_1,
          snake_1, spider_1, d_20, vaults_1, items_5, swamp_end, shoals_end,
          snake_end, spider_end, vaults_end, d_27, items_6, zot_1, zot_end,
          crypt_end, forest_end, elf_end, slime_end, tomb_end, abyss_end,
          pan_hell_end]

Skill      XL: |  1  2  3  4  5  6  7  8  9 10 11 12 13 14 |
---------------+-------------------------------------------+-----
Polearms       | 7 9 10 | 10.0
Fighting       | 6 7 9 11 12 14 16 18 20 22 24 | 24.0
Armour         | 6 7 9 11 12 14 16 18 20 22 24 | 24.0
Long Blades    | 6 12 14 17 19 23 26 27 | 27.0
Axes           | 9 12 | 12.5
Shields        | 10 13 | 13.1
Evocations     | 7 9 |  9.8

Action                     |  1- 3 |  4- 6 |  7- 9 | 10-12 | 13-15 || total
---------------------------+-------+-------+-------+-------+-------++-------
  Melee: Trident           |    13 |    21 |       |       |       ||    34
         Headbutt          |     1 |     6 |     1 |    37 |    28 ||    73
         Double sword      |       |     5 |     6 |   152 |   136 ||   299
         Executioner's axe |       |       |       |       |     2 ||     2
 Invoke: Call Merchant     |       |       |       |     5 |     1 ||     6
  Evoke: Wand              |       |       |       |       |     1 ||     1
    Use: Potion            |       |     1 |       |     6 |     6 ||    13
         Scroll            |       |       |       |     4 |     3 ||     7
   Stab: Distracted        |       |       |       |     3 |     2 ||     5
 Armour: Scale mail        |     8 |     5 |       |       |       ||    13
         Chain mail        |       |     2 |     1 |    25 |       ||    28
         Plate armour      |       |       |       |    27 |    38 ||    65
  Dodge: Dodged            |     8 |     5 |     1 |    25 |    26 ||    65
  Block: Buckler           |     3 |     6 |       |       |       ||     9
         Kite shield       |       |       |       |    18 |       ||    18
         Tower shield      |       |       |       |    26 |    76 ||   102
